 Dungeon Crawl Stone Soup version 0.30-a0-760-g5a9884bb7c (webtiles) character file.

Game seed: 15645835440524484367

5051 themarg the Severer (level 10, -10/93 HPs)
             Began as a Hill Orc Fighter on Feb 11, 2023.
             Was an Elder of Fedhas.
             Killed from afar by an electric eel (14 damage)
             ... with a bolt of electricity
             ... on level 9 of the Dungeon.
             The game lasted 00:21:08 (8337 turns).

themarg the Severer (Hill Orc Fighter)              Turns: 8337, Time: 00:21:09

Health: -10/93     AC: 14    Str: 24    XL:     10   Next: 56%
Magic:  21/21      EV: 23    Int: 13    God:    Fedhas [****..]
Gold:   1419       SH:  5    Dex: 10    Spells: 9/9 levels left

rFire   + . .      SeeInvis .    a - +0 war axe
rCold   . . .      Faith    .    c - +0 buckler
rNeg    . . .      Spirit   .    J - +0 chain mail
rPois   .          Reflect  .    I - +0 helmet
rElec   .          Harm     .    v - +1 cloak
rCorr   .          Rampage  .    (no gloves)
Will    .....                    s - +1 pair of boots "Aniassu" {Regen+ MP+9 Int+2} Stlth
                                 o - amulet "Buppio" {Acrobat rF+ Int+3}
HPRegen 1.15/turn                (no ring)
MPRegen 0.17/turn                (no ring)

@: acrobatic
A: no striking features
a: Renounce Religion, Wall of Briars, Grow Ballistomycete, Overgrow


You were on level 9 of the Dungeon.
You worshipped Fedhas.
Fedhas was greatly pleased with you.
You visited 1 branch of the dungeon, and saw 9 of its levels.

You collected 1475 gold pieces.
You spent 56 gold pieces at shops.

Inventory:

Hand Weapons
 a - a +0 war axe (weapon)
Missiles
 e - 14 poisoned darts (quivered)
 p - 6 javelins
 y - 4 boomerangs
 A - 51 stones
 C - 2 throwing nets
 N - 4 atropa-tipped darts
Armour
 c - a +0 buckler (worn)
 s - the +1 pair of boots "Aniassu" (worn) {Regen+ MP+9 Int+2}
   (You acquired it on level 5 of the Dungeon)

   Int:       It affects your intelligence (+2).
   MP:        It affects your magic capacity (+9).
   Regen:     It increases your rate of health regeneration.
 v - a +1 cloak (worn)
 I - a +0 helmet (worn)
 J - a +0 chain mail (worn)
 L - an orb of guile
Jewellery
 o - the amulet "Buppio" (around neck) {Acrobat rF+ Int+3}
   (You took it off a goblin on level 2 of the Dungeon)

   [amulet of the acrobat]

   It increases your evasion while moving and waiting.
   Int:       It affects your intelligence (+3).
   rF:        It protects you from fire.
 u - an amulet of faith
Wands
 r - a wand of mindburst (35)
 w - a wand of polymorph (7)
 B - a wand of paralysis (18)
 K - a wand of flame (4)
 M - a wand of iceblast (8)
Scrolls
 b - 2 scrolls of fog {unknown}
 g - 2 scrolls of butterflies
 j - 3 scrolls of brand weapon
 m - 9 scrolls of teleportation
 n - a scroll of amnesia
 x - a scroll of noise {unknown}
 z - 2 scrolls of magic mapping {unknown}
 D - a scroll of blinking {unknown}
 E - a scroll of enchant armour {unknown}
 H - a scroll of silence {unknown}
 O - a scroll of enchant weapon {unknown}
 P - a scroll of poison {unknown}
Potions
 d - 2 potions of might
 f - 3 potions of curing
 h - a potion of attraction
 i - 2 potions of haste
 k - 3 potions of heal wounds
 l - 3 potions of degeneration
 q - 2 potions of flight
 t - 2 potions of magic
 F - a potion of ambrosia {unknown}
 G - 2 potions of lignification


   Skills:
 - Level 10.0 Fighting
 * Level 15.6 Axes
 - Level 3.2 Armour
 + Level 2.1 Dodging
 - Level 5.0 Shields
 + Level 3.4 Invocations


You had 9 spell levels left.
You didn't know any spells.
Your spell library contained the following spells:

 Spells                   Type           Power      Damage    Failure   Level
 Dazzling Flash           Conj/Hex       0%         N/A       100%        3
 Ignite Poison            Fire/Tmut/Pois 0%         N/A       100%        3
 Kindle Blastsparks       Fire/Tloc/Air  0%         2d10      100%        3
 Iskenderun's Mystic Bla  Conj/Tloc      0%         2d3       100%        4
 Freezing Cloud           Conj/Ice/Air   0%         6-21      100%        5
 Simulacrum               Ice/Necr       0%         N/A       100%        6
 Starburst                Conj/Fire      0%         6d3       100%        6
 Polar Vortex             Ice            0%         N/A       100%        9


Dungeon Overview and Level Annotations

Branches:
Dungeon (9/15)             Temple (0/1) D:5            Lair (0/5) D:9
    Orc: D:9-12

Altars:
Cheibriados
Elyvilon
Fedhas
Gozag
Nemelex Xobeh
Uskayaw
Vehumet
Wu Jian
Yredelemnul

Shops:
D:1 *

Annotations:
D:3 3 runed translucent doors, Beavis's ghost, amateur NaFE


Message History

The bolt of electricity hits the electric eel.
The electric eel completely resists.
The electric eel shoots out a bolt of lightning at you!
The bolt of electricity misses the electric eel.
The bolt of electricity hits you.
You completely miss the electric eel.
The electric eel shoots out a bolt of lightning at you!
The bolt of electricity hits you! x2
* * * LOW HITPOINT WARNING * * *
The bolt of electricity hits the electric eel.
The electric eel completely resists.
The electric eel shoots out a bolt of lightning at you!
The bolt of electricity hits the electric eel.
The electric eel completely resists.
The bolt of electricity hits the electric eel.
The electric eel completely resists.
The bolt of electricity hits the electric eel.
The electric eel completely resists.
The bolt of electricity misses you.
The electric eel shoots out a bolt of lightning at you!
The bolt of electricity hits the electric eel.
The electric eel completely resists.
The bolt of electricity hits you!
* * * LOW HITPOINT WARNING * * *
The electric eel shoots out a bolt of lightning at you!
The bolt of electricity misses you.
The electric eel shoots out a bolt of lightning at you!
The bolt of electricity misses you. The bolt of electricity hits you!
* * * LOW HITPOINT WARNING * * *
You see here 12 gold pieces.
The electric eel shoots out a bolt of lightning at you!
The bolt of electricity hits you!
* * * LOW HITPOINT WARNING * * *
The electric eel shoots out a bolt of lightning at you!
The bolt of electricity misses you.
The electric eel shoots out a bolt of lightning at you!
The bolt of electricity misses you.
The electric eel shoots out a bolt of lightning at you!
The bolt of electricity hits the electric eel.
The electric eel completely resists.
The bolt of electricity hits you!
You die...
Fedhas appreciates your contribution to the ecosystem.

...# .#...~~~.~≈~.....~~~
##.......#....~~S..~...~≈≈
.######........≈~~~..~~~≈≈
..#...........~~SS~~≈~~~~~
.....##.##....~..~S~≈~~..~
........##..~~...~.~......
.)...#####.......$..≈.....
.....# #######.#########
...### ##@# ...# ###†.#
...# ### ##...## ...# #.#
##..### ...# #.####..##
...###......##
....)......## ...........#
...........#


You could see 4 electric eels.

Vanquished Creatures
  A komodo dragon (D:6)
  2 trolls (D:9)
  A hornet (D:9)
  A steam dragon (D:8)
  An acid dragon (D:9)
  Duvessa (D:7)
  3 water moccasins
  3 black bears
  3 ogres
  4 wolves (D:9)
  A centaur (D:7)
  A kobold brigand (D:8)
  2 bullfrogs
  3 necrophages
  2 gnoll sergeants (D:5)
  2 scorpions
  Dowan (D:7)
  4 wights (D:8)
  9 killer bees
  3 howler monkeys (D:7)
  An electric eel (D:9)
  3 orc priests
  5 hounds
  A gnoll bouda (D:5)
  Crazy Yiuf (D:3)
  Ijyb (D:3)
  6 iguanas
  Natasha (twice) (D:3)
  9 orc wizards
  21 gnolls
  10 adders
  A shadow imp (D:6)
  A white imp (D:6)
  2 dart slugs
  17 orcs
  12 endoplasms
  3 giant cockroaches
  8 goblins
  10 hobgoblins
  9 jackals
  11 kobolds
  5 quokkas
  13 ball pythons
  10 bats
  2 frilled lizards
  9 rats
221 creatures vanquished.

Vanquished Creatures (collateral kills)
  A killer bee (D:9)
1 creature vanquished.

Vanquished Creatures (others)
  2 fungi (D:3)
  2 plants (D:3)
4 creatures vanquished.

Grand Total: 226 creatures vanquished

Notes
Turn   | Place    | Note
-------+----------+-------------------------------------------
     0 | D:1      | themarg the Hill Orc Fighter began the quest for the Orb.
     0 | D:1      | Reached XP level 1. HP: 19/19 MP: 1/1
    87 | D:1      | Reached skill level 3 in Axes
   144 | D:1      | Reached XP level 2. HP: 27/27 MP: 2/2
   299 | D:1      | Reached XP level 3. HP: 33/33 MP: 3/3
   445 | D:1      | Found Buuphuor's General Store.
   454 | D:1      | Bought a potion of degeneration for 14 gold pieces
   454 | D:1      | Bought a scroll of teleportation for 42 gold pieces
   567 | D:1      | Reached skill level 4 in Axes
   925 | D:2      | Identified the amulet "Buppio" {Acrobat rF+ Int+3}
  1397 | D:2      | Reached XP level 4. HP: 40/40 MP: 4/4
  1895 | D:3      | Noticed Ijyb
  1913 | D:3      | Killed Ijyb
  2050 | D:3      | Reached skill level 5 in Axes
  2065 | D:3      | Found a runed translucent gate.
  2065 | D:3      | Found a runed translucent gate.
  2065 | D:3      | Found a runed translucent gate.
  2067 | D:3      | Noticed Beavis's ghost (amateur NaFE)
  2099 | D:3      | Found a faded altar of an unknown god.
  2113 | D:3      | Reached XP level 5. HP: 47/47 MP: 5/5
  2121 | D:3      | Prayed at the altar of an unknown god.
  2121 | D:3      | Became a worshipper of Fedhas Madash
  2121 | D:3      | Reached * piety under Fedhas
  2227 | D:3      | Found a runed translucent door.
  2228 | D:3      | Noticed Crazy Yiuf
  2386 | D:3      | Noticed Natasha
  2393 | D:3      | Killed Natasha
  2612 | D:3      | Noticed Natasha
  2625 | D:3      | Killed Natasha
  2674 | D:3      | Noticed a kobold brigand
  2762 | D:3      | Killed Crazy Yiuf
  2763 | D:3      | Reached skill level 6 in Axes
  2763 | D:3      | Reached XP level 6. HP: 40/55 MP: 3/6
  3300 | D:4      | Reached skill level 5 in Fighting
  3301 | D:4      | Reached ** piety under Fedhas
  3430 | D:4      | Reached skill level 5 in Shields
  3533 | D:4      | Reached skill level 7 in Axes
  3543 | D:4      | Reached XP level 7. HP: 40/61 MP: 7/7
  3739 | D:4      | Found a basalt altar of Yredelemnul.
  3890 | D:4      | Found a snail-covered altar of Cheibriados.
  4098 | D:4      | Found a white marble altar of Elyvilon.
  4255 | D:5      | Entered Level 5 of the Dungeon
  4289 | D:5      | Reached skill level 8 in Axes
  4550 | D:5      | Reached skill level 9 in Axes
  4550 | D:5      | Reached XP level 8. HP: 16/71 MP: 8/8
  4877 | D:5      | Reached *** piety under Fedhas
  4910 | D:5      | Reached skill level 10 in Axes
  5838 | D:5      | Found a staircase to the Ecumenical Temple.
  5887 | D:5      | Identified 2 scrolls of acquirement
  5888 | D:5      | Acquired the +1 pair of boots "Aniassu" {Regen+ MP+9 Int+2}
  5889 | D:5      | Acquired 904 gold pieces
  5975 | D:6      | Reached skill level 11 in Axes
  5991 | D:6      | Found a blossoming altar of Fedhas.
  6013 | D:6      | Noticed a komodo dragon
  6028 | D:6      | Killed a komodo dragon
  6029 | D:6      | Reached XP level 9. HP: 68/82 MP: 9/9
  6116 | D:6      | Reached skill level 12 in Axes
  6682 | D:7      | Found a sparkling altar of Nemelex Xobeh.
  6682 | D:7      | Found a hide-covered altar of Uskayaw.
  6683 | D:7      | Noticed Duvessa
  6683 | D:7      | Noticed Dowan
  6692 | D:7      | Killed Duvessa
  6706 | D:7      | Killed Dowan
  6707 | D:7      | Reached skill level 13 in Axes
  6777 | D:7      | Found an ornate altar of the Wu Jian Council.
  7013 | D:7      | Reached **** piety under Fedhas
  7054 | D:7      | Found an opulent altar of Gozag.
  7300 | D:8      | Found a radiant altar of Vehumet.
  7401 | D:8      | Reached skill level 14 in Axes
  7549 | D:8      | Reached XP level 10. HP: 91/93 MP: 10/10
  7640 | D:8      | Reached skill level 10 in Fighting
  7992 | D:9      | Reached skill level 1 in Invocations
  7995 | D:9      | Paralysed by a hornet for 1 turns
  8003 | D:9      | Reached skill level 15 in Axes
  8003 | D:9      | Reached skill level 1 in Dodging
  8244 | D:9      | Found a staircase to the Lair.
  8336 | D:9      | HP: 2/93 [electric eel/bolt of electricity (8)]
  8337 | D:9      | Killed from afar by an electric eel

Illustrated notes

Levels and vault maps discovered:
D:1:      dpeg_arrival_chambers_temple_mockup, layout_basic, serial_shops, shop,
          reono_crystal_passage
D:2:      layout_loops_ring, serial_co_window_serial, co_window_paths_a,
          co_window_corner_a, co_window_cross_1, co_window_paths_b,
          co_window_paths_a, co_window_2corner, co_window_of_opportunity_c,
          co_window_of_opportunity_b, co_window_of_opportunity_b,
          co_window_broadway_b, co_window_paths_c, co_window_paths_c,
          glass_columns_b, glass_columns_a
D:3:      layout_basic, gammafunk_ghost_nasty_kobolds,
          ebering_ecumenical_altar_abandoned, uniq_ijyb, uniq_natasha,
          uniq_crazy_yiuf_cottage
D:4:      layout_cave_pools, kennysheep_ying_yang, kennysheep_slug_shrine
D:5:      layout_loops_ring, temple_hall
D:6:      layout_rooms, mainiacjoe_overflow_concentric_impassable,
          serial_curves, eino_curves_01, eino_curves_01, minivault_11,
          hangedman_abyss_or_decor_passed
D:7:      layout_basic, mainiacjoe_overflow_small_starburst,
          chequers_temple_overflow_statue_of_worship,
          nicolae_overflow_hidden_temple, uniq_duvessa
D:8:      layout_basic, nicolae_vehumet_radiance, glass_columns_b,
          nrook_mini_vaults
D:9:      layout_basic, erik_lair_island, abandoned_shop

Skill      XL: |  1  2  3  4  5  6  7  8  9 10 |
---------------+-------------------------------+-----
Axes           | 3 4 5 6 7 9 11 14 15 | 15.6
Fighting       | 4 5 6 8 9 10 | 10.0
Shields        | 4 5 |  5.0
Invocations    | 3 |  3.4
Dodging        | 2 |  2.1
Armour         | |  3.2

Action                     |  1- 3 |  4- 6 |  7- 9 | 10-12 || total
---------------------------+-------+-------+-------+-------++-------
  Melee: War axe           |   125 |   173 |   312 |   109 ||   719
         Unarmed           |       |     2 |       |       ||     2
  Throw: Dart              |       |       |     2 |       ||     2
 Invoke: Wall of Briars    |       |       |     1 |     1 ||     2
  Evoke: Wand              |       |       |     1 |       ||     1
    Use: Potion            |       |       |     3 |     3 ||     6
         Scroll            |       |       |    11 |     1 ||    12
 Armour: Scale mail        |    62 |    82 |    57 |       ||   201
         Chain mail        |       |       |    76 |   112 ||   188
  Dodge: Dodged            |    60 |   114 |   145 |    96 ||   415
  Block: Buckler           |    28 |    41 |    73 |    39 ||   181

Table legend: (Time is in decaauts)
 A = Elapsed time spent in this place.
 B = Non-inter-level travel time spent in this place.
 C = Inter-level travel time spent in this place.
 D = Time resting spent in this place.
 E = Time spent auto-exploring this place.
 F = Levels seen in this place.
 G = Mean time per level.
                   A        B        C        D        E       F      G
               +--------+--------+--------+--------+--------+-----+--------+
         Total |   8418 |   8107 |    311 |    532 |   5946 |   9 |  935.3 |
       Dungeon |   8418 |   8107 |    311 |    532 |   5946 |   9 |  935.3 |
               +--------+--------+--------+--------+--------+-----+--------+

Top non-repeatable levels by time:
     D:5: 1710 daAuts
     D:3: 1478 daAuts
     D:2: 1136 daAuts
     D:4: 881 daAuts
     D:1: 862 daAuts
     D:8: 753 daAuts
     D:6: 717 daAuts
     D:7: 468 daAuts
     D:9: 409 daAuts
